 Dungeon Crawl Stone Soup version 0.25-a0-713-g4845790 (webtiles) character file.

Game seed: 13642904626359956741, levelgen mode: deterministic

566 BlueFish the Magician (level 7, 0/51 HPs)
             Began as a Mummy Wizard on Apr 5, 2020.
             Was an Initiate of Kikubaaqudgha.
             Slain by a hornet zombie (4 damage)
             ... on level 5 of the Dungeon.
             The game lasted 00:16:21 (8266 turns).

BlueFish the Magician (Mummy Wizard)                Turns: 8266, Time: 00:16:21

Health: 0/51       AC:  4    Str: 11      XL:     7   Next: 10%
Magic:  3/17       EV: 11    Int: 19      God:    Kikubaaqudgha [......]
Gold:   282        SH:  5    Dex:  3 (10) Spells: 9/19 levels left

rFire    x . .     SeeInvis +   c - +0 spear
rCold    . . .     Gourm    .   (no shield)
rNeg     + + +     Faith    .   l - +2 robe of Mumblety Peg {rC- rN++ MR+ SInv}
rPois    ∞         Spirit   .   b - +0 hat
rElec    .         Reflect  +   (no cloak)
rCorr    .         Harm     .   (no gloves)
MR       +....                  (no boots)
Stlth    ++........             a - +5 amulet of reflection
HPRegen  0.17/turn              (no ring)
MPRegen  0.15/turn              (no ring)

@: no status effects
A: no food or potions, fire vulnerability, cold resistance 1, negative energy
resistance 3, torment resistance, unbreathing
a: Renounce Religion


You were on level 5 of the Dungeon.
You worshipped Kikubaaqudgha.
Kikubaaqudgha was noncommittal.
You were not hungry.

You visited 2 branches of the dungeon, and saw 7 of its levels.

You collected 282 gold pieces.

Inventory:

Hand Weapons
 c - a +0 spear (weapon)
Armour
 b - a +0 hat (worn)
 d - a +1 robe of positive energy
 l - the +2 robe of Mumblety Peg (worn) {rC- rN++ MR+ SInv}
   (You found it on level 4 of the Dungeon)

   It makes you vulnerable to cold.
   It greatly protects you from negative energy.
   It affects your resistance to hostile enchantments.
   It lets you see invisible.
Jewellery
 a - a +5 amulet of reflection (around neck)
Wands
 h - a wand of paralysis (5)
 j - a wand of iceblast (3)
 k - a wand of polymorph (3)
Scrolls
 e - a scroll of fear
 f - a scroll of fog
 g - a scroll of identify
 i - 2 scrolls of remove curse
 m - a scroll of amnesia
 n - a scroll of silence


   Skills:
 * Level 2.9 Fighting
 + Level 0.3 Polearms
 * Level 2.2 Dodging
 * Level 2.9 Stealth
 * Level 6.7 Spellcasting
 + Level 2.0 Conjurations
 + Level 2.0 Summonings
 + Level 0.7 Translocations
 + Level 0.5 Air Magic
 + Level 0.2 Poison Magic


You had 9 spell levels left.
You knew the following spells:

 Your Spells              Type           Power        Failure   Level  Hunger
a - Magic Dart            Conj           ##..         4%          1    N/A
b - Blink                 Tloc           N/A          12%         2    N/A
c - Call Imp              Summ           ##......     7%          2    N/A
d - Slow                  Hex            #.......     16%         2    N/A
e - Mephitic Cloud        Conj/Pois/Air  #.......     22%         3    N/A

Your spell library contained the following spells:

 Spells                   Type           Power        Failure   Level  Hunger
 Conjure Flame            Conj/Fire      ##......     21%         3    N/A

Dungeon Overview and Level Annotations

Branches:
Dungeon (6/15)             Temple (1/1) D:4

Altars:
Ashenzari
Elyvilon
Fedhas
Gozag
Hepliaklqana
Kikubaaqudgha
Makhleb
Okawaru
Qazlal
Sif Muna
Trog
Yredelemnul


Innate Abilities, Weirdness & Mutations

You do not eat or drink.
Your flesh is vulnerable to fire.
You are immune to poison.
Your flesh is cold resistant. (rC+)
You are immune to negative energy. (rN+++)
You are immune to unholy pain and torment.
You can survive without breathing.


Message History

The hornet zombie completely resists.
Your white imp gestures at the hornet zombie.
The puff of frost hits the hornet zombie.
The hornet zombie resists.
The hornet zombie hits your white imp!
Your white imp dies!
Your white imp barely misses the hornet zombie.
You hit the hornet zombie but do no damage.
The hornet zombie is heavily damaged.
Your white imp closely misses the hornet zombie.
The hornet zombie barely misses you.
You can't drink.
Okay, then.
You hit the hornet zombie but do no damage.
The hornet zombie is heavily damaged.
Your white imp hits the hornet zombie.
Your white imp freezes the hornet zombie.
The hornet zombie completely resists.
The hornet zombie hits you.
You die...
Kikubaaqudgha rasps: "You have failed me!
Welcome... oblivion!"

##.................#.###.......#
#...!...♣.♣.♣.♣..##.# ####...##
#.........._....##..# #####
#.......♣.♣.♣.♣.##.#####
###.............##.#...####
###...#.♣.♣.#.#.........###
##..........#...........##
#.....#####.............#
#########.@Z5...........#
#..........>.....#
##..............##
##............## ###.........##
##......### ########


You could see a hornet zombie and a friendly white imp.

Vanquished Creatures
  3 crimson imps
  2 hounds
  A bullfrog skeleton (D:3)
  A worker ant (D:5)
  A hound skeleton (D:4)
  A worker ant zombie (D:5)
  7 gnolls
  10 adders
  A worm (D:2)
  A dart slug (D:2)
  A leopard gecko (D:4)
  8 orcs
  3 ball pythons
  6 bats
  5 giant cockroaches
  10 goblins
  7 hobgoblins
  8 jackals
  A quokka (D:3)
  2 frilled lizards
  6 kobolds
  8 rats
93 creatures vanquished.

Vanquished Creatures (collateral kills)
  A quasit (D:5)
  A gnoll shaman (D:5)
  An orc wizard (D:6)
  4 gnolls
  3 orcs (D:6)
  A kobold (D:3)
11 creatures vanquished.

Grand Total: 104 creatures vanquished

Notes
Turn   | Place    | Note
-------+----------+-------------------------------------------
     0 | D:1      | BlueFish the Mummy Wizard began the quest for the Orb.
     0 | D:1      | Reached XP level 1. HP: 13/13 MP: 5/5
   551 | D:1      | Reached XP level 2. HP: 20/20 MP: 2/7
   555 | D:1      | Learned a level 2 spell: Blink
   558 | D:1      | Learned a level 2 spell: Call Imp
   561 | D:1      | Learned a level 2 spell: Slow
  1625 | D:2      | Reached skill level 5 in Spellcasting
  1625 | D:2      | Reached XP level 3. HP: 19/25 MP: 1/9
  1791 | D:2      | Learned a level 3 spell: Mephitic Cloud
  2348 | D:2      | Reached skill level 1 in Conjurations
  2387 | D:2      | Reached skill level 1 in Fighting
  2671 | D:2      | Reached XP level 4. HP: 32/32 MP: 6/11
  3537 | D:3      | Reached XP level 5. HP: 35/38 MP: 10/13
  4436 | D:3      | Found a burning altar of Makhleb.
  4454 | D:3      | Reached skill level 6 in Spellcasting
  4686 | D:4      | Found a staircase to the Ecumenical Temple.
  4694 | Temple   | Entered the Ecumenical Temple
  4717 | Temple   | Became a worshipper of Kikubaaqudgha
  4812 | D:4      | Found an opulent altar of Gozag.
  4908 | D:4      | Found a shattered altar of Ashenzari.
  4937 | D:4      | Reached XP level 6. HP: 46/46 MP: 8/15
  5126 | D:4      | Found a white marble altar of Elyvilon.
  5366 | D:4      | Found a shimmering blue altar of Sif Muna.
  5577 | D:4      | Got a dull robe
  5588 | D:4      | Identified the +2 robe of Mumblety Peg {rC- rN++ MR+ SInv}
                  | (You found it on level 4 of the Dungeon)
  5896 | D:5      | Entered Level 5 of the Dungeon
  6140 | D:5      | Found a blossoming altar of Fedhas.
  6951 | D:5      | Reached skill level 1 in Summonings
  7691 | D:5      | Reached XP level 7. HP: 43/51 MP: 1/16
  7861 | D:5      | Found an iron altar of Okawaru.
  8266 | D:5      | Slain by a hornet zombie

Levels and vault maps discovered:
D:1:      dpeg_arrival_boxes_within_box, layout_basic, minmay_pentomino_z4
D:2:      layout_loops_cross
D:3:      layout_loops_corners, makhleb_grotto_becter, first_ration
D:4:      layout_layer_cave, elyvilon_altar_5, grunt_temple_overflow_open,
          minmay_temple_entry_slanted, lemuel_blue_sif_altar
D:5:      layout_cave_pods, okawaru_trees_1, fedhas_ov_isle_minmay
D:6:      layout_cave_pools, nicolae_overflow_hidden_temple, serial_gnoll_camp,
          gnoll_camp_mini_hut, gnoll_camp_huts_basic, gnoll_camp_mini_hut,
          gnoll_camp_mini_shop, gnoll_camp_mini_loothouse, kennysheep_doodads,
          kennysheep_flooded_box
Temple:   eino_temple_rhombus

Skill      XL: |  1  2  3  4  5  6 |
---------------+-------------------+-----
Spellcasting   | 5 6 |  6.7
Stealth        | 2 |  2.9
Conjurations   | 1 2 |  2.0
Fighting       | 1 2 |  2.9
Dodging        | 2 |  2.2
Summonings     | 2 |  2.0
Polearms       | |  0.3
Translocations | |  0.7
Air Magic      | |  0.5
Poison Magic   | |  0.2

Action                   |  1- 3 |  4- 6 |  7- 9 || total
-------------------------+-------+-------+-------++-------
Melee: Spear             |    39 |   169 |    17 ||   225
 Cast: Magic Dart        |   103 |   190 |     6 ||   299
       Mephitic Cloud    |     1 |    10 |     2 ||    13
       Call Imp          |       |    10 |     5 ||    15
       Blink             |       |     1 |       ||     1
  Use: Scroll            |     2 |     5 |       ||     7
 Stab: Confused          |       |     5 |       ||     5
Armor: Robe              |    12 |    48 |     2 ||    62
Dodge: Dodged            |    38 |   139 |    11 ||   188
Block: Other             |       |    30 |     2 ||    32
       Reflection        |       |     2 |       ||     2

Table legend:
 A = Non-vault XP
 B = Vault XP
 C = Vault XP percentage of total XP
 D = Non-vault monster count
 E = Vault monster count
 F = Vault count percentage of total count
                 A         B        C        D         E       F
            +---------+---------+-------+---------+---------+-------
      Total |     754 |      55 |   6.8 |      99 |       5 |   4.8
            +---------+---------+-------+---------+---------+-------
        D:1 |      28 |       7 |  20.0 |      16 |       4 |  20.0
        D:2 |      84 |       0 |   0.0 |      25 |       0 |   0.0
        D:3 |     184 |      48 |  20.7 |      26 |       1 |   3.7
        D:4 |      91 |       0 |   0.0 |      12 |       0 |   0.0
        D:5 |     333 |       0 |   0.0 |      15 |       0 |   0.0
        D:6 |      34 |       0 |   0.0 |       5 |       0 |   0.0
            +---------+---------+-------+---------+---------+-------
